 Dungeon Crawl Stone Soup version 0.30-a0-29-g142975f185 (webtiles) character file.

Game seed: 13112444021966529046

0 Zonian the Grave Robber (level 1, 0/9 HPs)
             Began as a Vine Stalker Necromancer on Aug 27, 2022.
             Slain by a hobgoblin (2 damage)
             ... on level 1 of the Dungeon.
             The game lasted 00:00:05 (76 turns).

Zonian the Grave Robber (Vine Stalker Necromancer)    Turns: 76, Time: 00:00:05

Health: 0/9        AC:  2    Str: 10    XL:     1   Next: 10%
Magic:  0/4        EV: 12    Int: 15    God:
Gold:   14         SH:  0    Dex: 14    Spells: 3/4 levels left

rFire   . . .      SeeInvis .    (no weapon)
rCold   . . .      Faith    .    (no shield)
rNeg    . . .      Spirit   +    a - +0 robe
rPois   .          Reflect  .    (no helmet)
rElec   .          Harm     .    (no cloak)
rCorr   .          Rampage  .    (no gloves)
Will    .....                    (no boots)
Stlth   ++........               (no amulet)
HPRegen 0.03/turn                (no ring)
MPRegen 0.09/turn                (no ring)

@: no status effects
A: fangs 2, magic shield, antimagic bite, no potion heal 2
a: no special abilities


You were on level 1 of the Dungeon.
You visited 1 branch of the dungeon, and saw 1 of its levels.

You collected 14 gold pieces.

Inventory:

Armour
 a - a +0 robe (worn)
Potions
 b - a potion of magic


   Skills:
 + Level 1.5 Dodging
 + Level 2.4 Stealth
 + Level 2.2 Spellcasting
 + Level 4.0 Necromancy


You had 3 spell levels left.
You knew the following spells:

 Your Spells              Type           Power      Damage    Failure   Level
a - Necrotise             Necr           52%        1d6       4%          1

Your spell library contained the following spells:

 Spells                   Type           Power      Damage    Failure   Level
 Vampiric Draining        Necr           13%        2d6       13%         3
 Animate Dead             Necr           13%        N/A       38%         4
 Agony                    Necr           13%        N/A       75%         5


Dungeon Overview and Level Annotations

Branches:
Dungeon (1/15)

Altars:


Innate Abilities, Weirdness & Mutations

You have extremely sharp teeth.
When hurt, damage is shared between your health and your magic reserves.
Your bite disrupts and absorbs the magic of your enemies.
Potions cannot restore your health.


Message History

Welcome, Zonian the Vine Stalker Necromancer.
They say the Orb of Zot lies within this dungeon, but they say a lot of things.
Press ? for a list of commands and other information.
Found a staircase leading out of the dungeon.
Unknown command.
You now have 1 gold piece.
You open the door.
There is an open door here.
You now have 14 gold pieces (gained 13).
A kobold and 2 hobgoblins come into view.
There are monsters nearby!
Unknown command.
The kobold throws a stone.
The stone closely misses you.
The hobgoblin shouts! x2
The kobold hits you with a +0 short sword.
The kobold writhes in agony.
The kobold hits you but does no damage.
The kobold writhes in agony.
You kill the kobold!
The dead are walking!
The hobgoblin hits your kobold skeleton.
Really fire in your kobold skeleton's direction?
Okay, then.
You swap places.
The hobgoblin hits you.
Things that are here:
a +0 short sword; 5 stones Unknown command.
The hobgoblin barely resists.
The hobgoblin misses you.
The hobgoblin writhes in agony.
The hobgoblin hits you.
The hobgoblin hits you but does no damage.
You are out of magic!
Unknown command.
You closely miss the hobgoblin.
The hobgoblin is lightly wounded.
The hobgoblin completely misses you. The hobgoblin hits you.
* * * LOW HITPOINT WARNING * * *
You hit the hobgoblin.
The hobgoblin is moderately wounded.
The hobgoblin hits you.
You die...

..######.##........#
#........##.#####..#
########.##........#
#.##.#####..#
#.##.......##
#.##.#####.#
#.##.......# #
#.##.#####.# ####
#.##.g@Z...# '..#
#.#####g...# ##.# #.#
#....## ##.########.#
#.....#
#...........##.......#
##############....?..#
#.......# ##.....##


You could see 2 hobgoblins and a friendly kobold skeleton.

Vanquished Creatures
  A kobold (D:1)
1 creature vanquished.

Notes
Turn   | Place    | Note
-------+----------+-------------------------------------------
     0 | D:1      | Zonian the Vine Stalker Necromancer began the quest for the
                  | Orb.
     0 | D:1      | Reached XP level 1. HP: 9/9 MP: 4/4
    76 | D:1      | Slain by a hobgoblin

Illustrated notes

Levels and vault maps discovered:
D:1:      minmay_arrival_cross, layout_loops_ring, minmay_misc_feat_rows

Action                   || total
-------------------------++-------
Melee: Unarmed           ||     2
 Cast: Necrotise         ||     4
Armor: Robe              ||     2
Dodge: Dodged            ||     3

Table legend: (Time is in decaauts)
 A = Elapsed time spent in this place.
 B = Non-inter-level travel time spent in this place.
 C = Inter-level travel time spent in this place.
 D = Time resting spent in this place.
 E = Time spent auto-exploring this place.
 F = Levels seen in this place.
 G = Mean time per level.
                   A        B        C        D        E       F      G
               +--------+--------+--------+--------+--------+-----+--------+
         Total |     76 |     76 |      0 |      0 |     66 |   1 |   76.0 |
       Dungeon |     76 |     76 |      0 |      0 |     66 |   1 |   76.0 |
               +--------+--------+--------+--------+--------+-----+--------+

Top non-repeatable levels by time:
     D:1: 76 daAuts
